 Dungeon Crawl Stone Soup version 0.22.1-1-ga44c0e5 (webtiles) character file.

669 Irenicus the Cleaver (level 7, -2/61 HPs)
             Began as a Deep Dwarf Monk on Oct 6, 2018.
             Slain by a black bear (10 damage)
             ... on level 7 of the Dungeon.
             The game lasted 00:19:45 (3314 turns).

Irenicus the Cleaver (Deep Dwarf Monk)              Turns: 3314, Time: 00:19:46

Health: -2/61      AC:  6    Str: 14    XL:     7   Next: 32%
Magic:  5/5        EV: 13    Int: 11    God:
Gold:   339        SH:  0    Dex: 17    Spells: 5/6 levels left

rFire    + . .     SeeInvis .   a - +0 hand axe
rCold    + + .     Gourm    .   (no shield)
rNeg     + . .     Faith    .   g - +0 leather armour
rPois    .         Spirit   .   d - +1 helmet
rElec    .         Reflect  .   k - scarf {rC+ rF+}
rCorr    .         Harm     .   f - +0 pair of gloves
MR       +....                  (no boots)
Stlth    ++........             (no amulet)
HPRegen  0.00/turn              l - ring of protection from cold {rC+, !d}
MPRegen  0.09/turn              q - ring of positive energy {rN+}

@: non-regenerating
A: damage resistance, heal wounds, sense surroundings 1, no regeneration
a: Heal Wounds


You were on level 7 of the Dungeon.
You were very hungry.

You visited 2 branches of the dungeon, and saw 8 of its levels.

You collected 339 gold pieces.

Inventory:

Hand Weapons
 a - a +0 hand axe (weapon)
Armour
 d - a +1 helmet (worn)
   (You found it on level 1 of the Dungeon)
 f - a +0 pair of gloves (worn)
   (You found it on level 3 of the Dungeon)
 g - a +0 leather armour (worn)
   (You found it on level 1 of the Dungeon)
 k - a scarf of resistance (worn)
   (You found it on level 1 of the Dungeon)
Jewellery
 l - a ring of protection from cold (left hand) {rC+, !d}
   (You found it on level 1 of the Dungeon)
 q - a ring of positive energy (right hand) {rN+}
   (You found it on level 5 of the Dungeon)
 v - an uncursed ring of flight {+Fly, !d}
   (You found it on level 6 of the Dungeon)
Wands
 j - a wand of polymorph (8)
   (You found it on level 6 of the Dungeon)
 n - a wand of flame (17)
   (You found it on level 3 of the Dungeon)
 o - a wand of enslavement (10)
   (You found it on level 4 of the Dungeon)
Scrolls
 b - 3 scrolls of teleportation
 h - 7 scrolls of remove curse
 r - 3 scrolls of identify
Potions
 e - 2 potions of lignification {!q}
 i - 3 potions of curing
 m - 2 potions of cancellation
 p - a potion of brilliance
 s - a potion of haste {unknown}
 t - a potion of heal wounds
 u - a potion of ambrosia {unknown}
Comestibles
 c - 14 rations


   Skills:
 - Level 2.6 Fighting
 + Level 8.6 Axes
 - Level 3.2 Dodging
 - Level 2.4 Stealth
 + Level 3.4 Translocations


You had 5 spell levels left.
You knew the following spells:

 Your Spells              Type           Power        Failure   Level  Hunger
e - Apportation           Tloc           #.....       11%         1    ##.....

Your spell library contained the following spells:

 Spells                   Type           Power        Failure   Level  Hunger
 Animate Skeleton         Necr           N/A          41%         1    ##.....
 Confusing Touch          Hex            #.....       41%         1    ##.....
 Magic Dart               Conj           #...         41%         1    ##.....
 Summon Small Mammal      Summ           #...         41%         1    ##.....


Dungeon Overview and Level Annotations

Branches:
Dungeon (7/15)             Temple (1/1) D:6

Altars:
Ashenzari
Dithmenos
Elyvilon
Gozag
Hepliaklqana
Kikubaaqudgha
Nemelex Xobeh
Ru
Sif Muna
Trog
Vehumet
Yredelemnul
Zin
The Shining One


Innate Abilities, Weirdness & Mutations

You are resistant to damage.
You can heal yourself by infusing magical energy.
You passively map a small area around you.
You do not regenerate.


Message History

The killer bee zombie barely misses you.
The killer bee zombie hits you.
You take 1 damage, and have 41/61 hp.
You hit the killer bee zombie.
The killer bee zombie closely misses you. x2
You closely miss the killer bee zombie.
The killer bee zombie closely misses you.
You hit the killer bee zombie.
The killer bee zombie hits you but does no damage.
The killer bee zombie closely misses you.
You hit the killer bee zombie but do no damage.
The killer bee zombie barely misses you.
You slash the killer bee zombie!
The killer bee zombie barely misses you.
The killer bee zombie hits you.
You take 5 damage, and have 36/61 hp.
You hit the killer bee zombie but do no damage.
The killer bee zombie hits you.
You slash the killer bee zombie!
The killer bee zombie closely misses you.
The killer bee zombie hits you.
You closely miss the killer bee zombie.
The killer bee zombie hits you but does no damage.
You miss the killer bee zombie. The killer bee zombie misses you.
The killer bee zombie barely misses you.
You hit the killer bee zombie.
You destroy the killer bee zombie!
The orc throws a tomahawk.
The tomahawk closely misses you. The orc barely misses you.
Items here: )) [[ † a mace of protection; a leather armour; a short sword; a leather armour an orc corpse The orc hits you with a morningstar.
You closely miss the orc. The orc barely misses you.
You hit the orc. The orc hits you with a morningstar.
You hit the orc. You hit the orc. The orc hits you with a morningstar!
You take 6 damage, and have 30/61 hp.
You hit the orc.
You kill the orc!
You see here 25 bolts.
You see here a potion of lignification {!q}.
e - 2 potions of lignification {!q} (gained 1)
You see here 22 stones.
You see here a wand of polymorph (8).
j - a wand of polymorph (8)
You found a teleport trap!
Really walk into that teleport trap? [Y]es or [N]o only, please.
Really walk into that teleport trap?
You enter a teleport trap!
The teleport trap disappears.
Your surroundings suddenly seem different.
Found a stone staircase leading down.
There is a stone staircase leading down here.
You climb downwards.
You hear the hiss of flowing sand.
There is an entrance to an ossuary on this level.
Hurry and find it before the
There is a stone staircase leading up here.
Okay, then.
A black bear comes into view.
The black bear growls angrily.
You hit the black bear. The black bear bites you!
The black bear claws you but does no damage. x2
You take 5 damage, and have 25/61 hp.
You slash the black bear! The black bear closely misses you. x2
The black bear claws you but does no damage.
You closely miss the black bear. The black bear bites you.
The black bear claws you but does no damage.
The black bear barely misses you.
You barely miss the black bear. The black bear bites you.
The black bear claws you.
The black bear claws you but does no damage.
You take 3 damage, and have 22/61 hp.
You hit the black bear.
The black bear bites you but does no damage.
The black bear barely misses you.
The black bear claws you but does no damage.
You hit the black bear. The black bear bites you.
The black bear claws you but does no damage.
The black bear claws you.
You take 1 damage, and have 21/61 hp.
You hit the black bear. The black bear bites you.
The black bear completely misses you. The black bear claws you.
* * * LOW HITPOINT WARNING * * *
You take 6 damage, and have 15/61 hp.
You hit the black bear but do no damage.
You hit the black bear.
The black bear goes berserk!
You closely miss the black bear. The black bear bites you.
The black bear barely misses you. The black bear claws you!
* * * LOW HITPOINT WARNING * * *
You take 5 damage, and have 10/61 hp.
You closely miss the black bear. The black bear closely misses you.
The black bear claws you. x2
* * * LOW HITPOINT WARNING * * *
The black bear closely misses you. The black bear claws you.
The black bear closely misses you.
You take 2 damage, and have 8/61 hp.
Aim: a black bear (almost dead, berserk, fast, unusually strong)
The puff of flame hits the black bear.
The black bear bites you!
You die...

############## **
* ......<......#
.#####.#####.# *
.....#.......# ,*,
####.########## *
#..........#* ,
##########.#* ,* *
* *
######.#######.##
* , ,
..........@h......
, * *
###############.##
, * *


You could see a black bear (berserk).

Vanquished Creatures
  An ogre (D:5)
  A bullfrog (D:6)
  3 howler monkeys
  A crimson imp (D:5)
  An iguana (D:5)
  4 orc wizards
  2 worker ants
  A killer bee zombie (D:6)
  4 gnolls (D:3)
  3 adders
  A shadow imp (D:6)
  An adder skeleton (D:5)
  3 dart slugs
  A leopard gecko (D:1)
  10 orcs
  5 bats
  4 giant cockroaches
  9 goblins
  12 hobgoblins
  6 jackals
  3 quokkas
  2 ball pythons
  A ball python skeleton (D:4)
  4 frilled lizards
  6 kobolds
  12 rats
101 creatures vanquished.

Vanquished Creatures (collateral kills)
  An orc wizard (D:5)
  2 orcs (D:5)
3 creatures vanquished.

Vanquished Creatures (others)
  An orc (D:5)
1 creature vanquished.

Grand Total: 105 creatures vanquished

Notes
Turn   | Place    | Note
-------+----------+-------------------------------------------
     0 | D:1      | Irenicus the Deep Dwarf Monk began the quest for the Orb.
     0 | D:1      | Reached XP level 1. HP: 20/20 MP: 1/1
   147 | D:1      | Reached skill level 4 in Axes
   147 | D:1      | Reached XP level 2. HP: 20/27 MP: 2/2
   589 | D:2      | Reached XP level 3. HP: 19/33 MP: 3/3
   826 | D:2      | Reached skill level 5 in Axes
  1086 | D:3      | HP: 8/33 [gnoll/halberd of flaming (9)]
  1094 | D:3      | Reached XP level 4. HP: 40/40 MP: 3/3
  1433 | D:3      | Reached skill level 6 in Axes
  1519 | D:3      | HP: 10/40 [something/magic dart (7)]
  1522 | D:3      | Reached XP level 5. HP: 12/46 MP: 4/4
  1970 | D:4      | Found a sacrificial altar of Ru.
  1972 | D:4      | HP: 10/46 [orc wizard/dagger (2)]
  1978 | D:4      | HP: 4/46 [orc wizard/dagger (2)]
  2147 | D:4      | Learned a level 1 spell: Apportation
  2189 | D:5      | Entered Level 5 of the Dungeon
  2240 | D:5      | Noticed an ogre
  2252 | D:5      | Reached skill level 7 in Axes
  2297 | D:5      | HP: 11/46 [worker ant (2)]
  2313 | D:5      | Reached XP level 6. HP: 36/55 MP: 5/5
  2319 | D:5      | Found a bloodstained altar of Trog.
  2652 | D:5      | Reached skill level 8 in Axes
  2652 | D:5      | Reached skill level 1 in Translocations
  2871 | D:5      | Reached skill level 2 in Translocations
  2986 | D:6      | Reached XP level 7. HP: 21/61 MP: 6/6
  2989 | D:6      | Found a staircase to the Ecumenical Temple.
  3006 | Temple   | Entered the Ecumenical Temple
  3119 | D:6      | Found a radiant altar of Vehumet.
  3121 | D:6      | Identified Vehumet's Handbook of Conjuration
  3127 | D:6      | Reached skill level 3 in Translocations
  3129 | D:6      | Found an ancient bone altar of Kikubaaqudgha.
  3130 | D:6      | Found a deep blue altar of Sif Muna.
  3203 | D:6      | HP: 15/61 [orc/mace of protection (4)]
  3309 | D:7      | HP: 15/61 [black bear (4)]
  3314 | D:7      | Slain by a black bear

Skill      XL: |  1  2  3  4  5  6  7 |
---------------+----------------------+-----
Axes           | 4 5 6 7 8 |  8.6
Translocations | 2 3 |  3.4
Fighting       | |  2.6
Dodging        | |  3.2
Stealth        | |  2.4

Action                   |  1- 3 |  4- 6 |  7- 9 || total
-------------------------+-------+-------+-------++-------
Melee: Hand axe          |   123 |   216 |    48 ||   387
Throw: Javelin           |       |     2 |       ||     2
 Cast: Apportation       |       |     3 |       ||     3
 Abil: Heal Wounds       |     1 |     1 |     1 ||     3
Evoke: Wand              |       |    13 |     1 ||    14
  Use: Scroll            |     4 |     6 |     1 ||    11
       Potion            |     1 |     2 |       ||     3
 Stab: Sleeping          |     9 |     4 |       ||    13
       Invisible         |       |     1 |       ||     1
       Paralysed         |       |     1 |       ||     1
       Betrayed ally     |       |     1 |       ||     1
  Eat: Chunk             |       |     7 |       ||     7
Armor: Robe              |     6 |       |       ||     6
       Leather armour    |    21 |    65 |    12 ||    98
       Skin              |    15 |    27 |       ||    42
Dodge: Dodged            |    73 |   144 |    34 ||   251

Vault maps used:
D:1:      erik_arrival_triangle_large
D:2:      cheibrodos_helix_gallery
D:3:      nicolae_overflow_hidden_temple, first_ration
D:4:      nicolae_ru_great_annihilating_truth, grunt_ministairs_14
D:5:      lemuel_doored_altar
D:6:      grunt_temple_overflow_magic_moments, temple_doors_cd
D:7:      cheibrodos_worm_habitat, grunt_temple_overflow_open,
          okawaru_gym_becter, nicolae_ossuary_entry_catacombs, uniq_harold
Temple:   compressed_dpeg_triangle_lava_temple

Table legend:
 A = Turns spent in this place as a percentage of turns spent in the entire game.
 B = Non-inter-level travel turns spent in this place as a percentage of non-inter-level travel turns spent in the entire game.
 C = Inter-level travel turns spent in this place as a percentage of turns spent in this place.
 D = Turns resting spent in this place as a percentage of non-inter-level travel turns spent in this place.
 E = Turns spent auto-exploring this place as a percentage of non-inter-level travel turns spent in this place.
 F = Non-inter-level travel turns spent in this place divided by the number of levels of this place that you've seen.
                   A       B       C       D       E      F
               +-------+-------+-------+-------+-------+----------------------
         Total | 100.0 | 100.0 |   1.5 |   0.0 |   0.0 | 407.9
       Dungeon |  98.1 |  98.1 |   1.6 |   0.0 |   0.0 | 457.1
        Temple |   1.9 |   1.9 |   0.0 |   0.0 |   0.0 |  63.0
               +-------+-------+-------+-------+-------+----------------------

Table legend:
 A = Kills in this place as a percentage of kills in entire the game.
 B = Kills by you in this place as a percentage of kills by you in the entire game.
 C = Kills by friends in this place as a percentage of kills by friends in the entire game.
 D = Other kills in this place as a percentage of other kills in the entire game.
 E = Experience gained in this place as a percentage of experience gained in the entire game.
 F = Experience gained in this place divided by the number of levels of this place that you have seen.
                   A       B       C       D       E      F
               +-------+-------+-------+-------+-------+----------------------
         Total | 100.0 | 100.0 | 100.0 |   N/A | 100.0 | 119.6
       Dungeon | 100.0 | 100.0 | 100.0 |   N/A | 100.0 | 136.7
               +-------+-------+-------+-------+-------+----------------------
